 Dungeon Crawl Stone Soup version 0.29.1-1-gd02db6906a (webtiles) character file.

Game seed: 6590729269449846693

298 H0rd4k the Cudgeller (level 6, -1/46 HPs)
             Began as a Human Artificer on Oct 13, 2022.
             Was an Initiate of Gozag.
             Succumbed to a scorpion's poison
             ... on level 4 of the Dungeon.
             The game lasted 00:04:20 (5788 turns).

H0rd4k the Cudgeller (Human Artificer)              Turns: 5788, Time: 00:04:21

Health: -1/46      AC:  3    Str: 12    XL:     6   Next: 62%
Magic:  16/17      EV: 12    Int: 13    God:    Gozag
Gold:   122        SH:  0    Dex: 14    Spells: 3/7 levels left

rFire   + + .      SeeInvis .   u - +0 flail
rCold   + . .      Faith    .   (no shield)
rNeg    . . .      Spirit   .   b - +0 leather armour
rPois   .          Reflect  .   (no helmet)
rElec   .          Harm     .   v - scarf {rC+ rF+}
rCorr   .          Rampage  .   (no gloves)
Will    .....                   (no boots)
Stlth   +.........              (no amulet)
HPRegen 0.15/turn               t - ring of protection from fire
MPRegen 0.15/turn               s - ring of magical power

@: mighty, lethally poisoned (-1 -> -8), gold aura
A: no striking features
a: Renounce Religion, Potion Petition, Call Merchant, Bribe Branch


You were on level 4 of the Dungeon.
You worshipped Gozag.
Gozag was aware of your devotion.
You visited 2 branches of the dungeon, and saw 5 of its levels.

You collected 157 gold pieces.
You paid 35 gold pieces to Gozag.

Inventory:

Hand Weapons
 u - a +0 flail (weapon)
Armour
 b - a +0 leather armour (worn)
 v - a scarf of resistance (worn)
Jewellery
 s - a ring of magical power (right hand)
 t - a ring of protection from fire (left hand)
Wands
 c - a wand of flame (34) (quivered)
 d - a wand of charming (10)
 e - a wand of iceblast (1)
Scrolls
 f - a scroll of amnesia {unknown}
 g - a scroll of noise {unknown}
 k - a scroll of enchant armour {unknown}
 m - 8 scrolls of identify {unknown}
 o - a scroll of butterflies {unknown}
 p - 2 scrolls of teleportation {unknown}
 r - a scroll of vulnerability {unknown}
 w - a scroll of silence {unknown}
Potions
 a - a potion of ambrosia {unknown}
 h - a potion of brilliance {unknown}
 i - a potion of flight {unknown}
 j - a potion of cancellation {unknown}
 l - a potion of might
 q - a potion of curing {unknown}


   Skills:
 + Level 2.8 Fighting
 + Level 4.0 Maces & Flails
 - Level 2.0 Armour
 + Level 3.0 Dodging
 - Level 1.0 Stealth
 * Level 1.4 Spellcasting
 - Level 3.0 Evocations


You had 3 spell levels left.
You knew the following spells:

 Your Spells              Type           Power      Damage    Failure   Level
a - Summon Small Mammal   Summ           0%         N/A       34%         1
b - Call Canine Familiar  Summ           0%         N/A       71%         3

Your spell library contained the following spells:

 Spells                   Type           Power      Damage    Failure   Level
 Summon Guardian Golem    Hex/Summ       0%         N/A       71%         3
 Malign Gateway           Summ/Tloc      0%         N/A       100%        7
 Summon Horrible Things   Summ           0%         N/A       100%        8


Dungeon Overview and Level Annotations

Branches:
Dungeon (4/15)             Temple (1/1) D:4

Altars:
Cheibriados
Dithmenos
Gozag
Hepliaklqana
Qazlal
Ru
Uskayaw
Xom
Zin

Annotations:
D:2 Terence
D:3 exclusion: downstairs


Message History

The scorpion stings you.
You are poisoned.
The scorpion poisons you! The hobgoblin hits you.
You barely miss the scorpion.
The scorpion is almost dead.
You feel very sick. The scorpion stings you.
* * * LOW HITPOINT WARNING * * *
You are lethally poisoned!
The scorpion poisons you!
A hobgoblin comes into view.
The hobgoblin barely misses you. The scorpion stings you.
* * * LOW HITPOINT WARNING * * *
The scorpion attacks as you move away! The scorpion barely misses you.
* * * LOW HITPOINT WARNING * * *
You feel very sick.
There is an open door here.
Aiming: Charm
Press: ? - help, Shift-Dir - straight line, f/p - scorpion
Aim: a scorpion (almost dead, chance to affect: 56%)
The hobgoblin is charmed.
* * * LOW HITPOINT WARNING * * *
You feel very sick. The scorpion stings your hobgoblin.
Your hobgoblin dies!
Okay, then.
Aiming: Iceblast
Press: ? - help, Shift-Dir - straight line, f/p - scorpion
Aim: a scorpion (almost dead)
The mass of ice explodes!
The iceblast engulfs the scorpion!
You kill the scorpion!
* * * LOW HITPOINT WARNING * * *
You feel sick.
Your life force feels restored.
Your Maces & Flails skill increases to level 4!
Your Dodging skill increases to level 3!
It was a potion of might.
You feel very mighty all of a sudden.
You die...
Your body crumbles into a pile of gold.

..## ##..### ^...)>#
..g..# #....####
#.##....... #######
#....$..# .##...## #$#
.#~._.≈### ##@##
.#~...~#.# ##...##
.#~...~#.# ##.....##
.#~...~#.# ##.......#
.#~.).≈#.###.........#
.##...##...'.........+
.###'###.###.........#
.........# ##.......##
#####.#### ##.....##


You could see a hobgoblin.

Vanquished Creatures
  A black bear (D:4)
  A scorpion (D:4)
  Ijyb (D:3)
  3 adders
  2 worms (D:2)
  2 dart slugs (D:1)
  11 orcs
  4 bats
  6 endoplasms
  A giant cockroach (D:1)
  3 goblins (D:1)
  5 hobgoblins
  3 jackals (D:3)
  7 kobolds
  3 quokkas
  6 ball pythons
  4 frilled lizards
  5 rats
  A spectral kobold (D:4)
69 creatures vanquished.

Vanquished Creatures (collateral kills)
  A bat (D:2)
1 creature vanquished.

Vanquished Creatures (others)
  An iguana (D:4)
  A hobgoblin (D:4)
  A quokka (D:3)
3 creatures vanquished.

Grand Total: 73 creatures vanquished

Notes
Turn   | Place    | Note
-------+----------+-------------------------------------------
     0 | D:1      | H0rd4k the Human Artificer began the quest for the Orb.
     0 | D:1      | Reached XP level 1. HP: 15/15 MP: 1/1
   282 | D:1      | Reached XP level 2. HP: 11/21 MP: 2/2
   433 | D:1      | Reached skill level 1 in Maces & Flails
   943 | D:1      | Reached XP level 3. HP: 15/26 MP: 3/3
  2072 | D:2      | Reached skill level 2 in Maces & Flails
  3174 | D:2      | Found a shimmering altar of Xom.
  3385 | D:3      | Noticed Terence
  3622 | D:3      | Reached XP level 4. HP: 20/32 MP: 4/4
  3931 | D:3      | Noticed Ijyb
  3950 | D:3      | Killed Ijyb
  4190 | D:3      | Reached XP level 5. HP: 35/38 MP: 5/5
  4798 | D:3      | Found a faded altar of an unknown god.
  4897 | D:3      | Learned a level 1 spell: Summon Small Mammal
  4901 | D:3      | Learned a level 3 spell: Call Canine Familiar
  4929 | D:4      | Found a stormy altar of Qazlal.
  5107 | D:4      | Found a staircase to the Ecumenical Temple.
  5132 | Temple   | Entered the Ecumenical Temple
  5167 | Temple   | Became a worshipper of Gozag Ym Sagoz the Greedy
  5329 | D:4      | Reached skill level 3 in Maces & Flails
  5583 | D:4      | Noticed a black bear
  5708 | D:4      | Killed a black bear
  5709 | D:4      | Reached skill level 1 in Spellcasting
  5709 | D:4      | Reached XP level 6. HP: 46/46 MP: 7/7
  5737 | D:4      | Found a hazy altar of Hepliaklqana.
  5787 | D:4      | HP: 1/45 [poisoned by a scorpion]
  5788 | D:4      | Reached skill level 4 in Maces & Flails
  5788 | D:4      | Succumbed to a scorpion's poison

Illustrated notes

Levels and vault maps discovered:
D:1:      amcnicky_arrival_single_pillar, layout_rooms, minivault_19
D:2:      layout_loops_ring, basic_altar
D:3:      layout_rooms, hellmonk_ecumenical_altar_heavens_door, uniq_terence,
          uniq_ijyb
D:4:      minmay_bubble_buster, layout_loops_corners,
          nicolae_qazlal_scattered_showers,
          nicolae_hepliaklqana_monster_ancestors
Temple:   nicolae_temple_superstar

Skill      XL: |  1  2  3  4  5  6 |
---------------+-------------------+-----
Maces & Flails | 1 2 3 4 |  4.0
Dodging        | 2 3 |  3.0
Fighting       | 2 |  2.8
Spellcasting   | 1 |  1.4
Armour         | |  2.0
Stealth        | |  1.0
Evocations     | |  3.0

Action                   |  1- 3 |  4- 6 || total
-------------------------+-------+-------++-------
Melee: Club              |   188 |    12 ||   200
       Flail             |       |   134 ||   134
       Punch             |       |     1 ||     1
Evoke: Wand              |     4 |    12 ||    16
  Use: Potion            |       |     1 ||     1
 Stab: Distracted        |     1 |       ||     1
       Sleeping          |     1 |       ||     1
Armor: Leather armour    |    61 |    46 ||   107
Dodge: Dodged            |   127 |   134 ||   261
